 Dungeon Crawl Stone Soup version 0.26.1-11-gd32895ea62 (webtiles) character file.

Game seed: 13284140643614839753

18930 Exodus22XD the Cleaver (level 12, -1/105 HPs)
             Began as a Hill Orc Monk on May 9, 2021.
             Was a High Priest of Beogh.
             Shot with an arrow by Nessos (2 damage)
             ... on level 2 of the Orcish Mines.
             The game lasted 00:49:00 (14684 turns).

Exodus22XD the Cleaver (Hill Orc Monk)             Turns: 14684, Time: 00:49:03

Health: -1/105     AC: 20    Str: 19    XL:     12   Next: 63%
Magic:  16/16      EV:  9    Int: 12    God:    Beogh [*****.]
Gold:   1250       SH: 12    Dex: 15    Spells: 11/11 levels left

rFire    . . .     SeeInvis .   K - +1 war axe (flame)
rCold    . . .     Faith    .   x - +0 buckler
rNeg     . . .     Spirit   .   I - +0 chain mail (curse)
rPois    .         Reflect  +   (no helmet)
rElec    .         Harm     .   n - +1 cloak
rCorr    +         Rampage  .   w - +1 pair of gloves
Will     +....     Clarity  +   C - +0 pair of boots
Stlth    ..........             F - amulet of reflection
HPRegen  0.27/turn              G - ring of resist corrosion
MPRegen  0.15/turn              y - ring of willpower

@: no status effects
A: walk on water, iridescent scales 1, agile 1, clarity, clever 1, low mp 1
a: Renounce Religion, Smiting, Recall Orcish Followers, Give Item to Named
Follower


You were on level 2 of the Orcish Mines.
You worshipped Beogh.
Beogh was extremely pleased with you.
You visited 3 branches of the dungeon, and saw 14 of its levels.

You collected 1448 gold pieces.
You spent 198 gold pieces at shops.

Inventory:

Hand Weapons
 a - a +0 hand axe
 D - a +0 broad axe
 E - a +2 glaive of venom
 K - a +1 war axe of flaming (weapon)
 L - a cursed +0 spear
Armour
 n - a +1 cloak (worn)
 w - a +1 pair of gloves (worn)
 x - a +0 buckler (worn)
 C - a +0 pair of boots (worn)
 I - a cursed +0 chain mail (worn)
 M - a +2 scale mail of willpower
Jewellery
 h - an uncursed amulet of regeneration
 i - an uncursed ring of ice
 y - a ring of willpower (right hand)
 F - an amulet of reflection (around neck)
 G - a ring of resist corrosion (left hand)
Wands
 g - a wand of flame (11)
 m - a wand of acid (11)
 v - a wand of polymorph (10)
 O - a wand of iceblast (11)
 P - a wand of enslavement (10)
 Q - a wand of disintegration (16)
Scrolls
 b - a scroll of summoning
 c - a scroll of fog
 e - 7 scrolls of teleportation
 j - 4 scrolls of remove curse
 p - 2 scrolls of random uselessness {unknown}
 q - 2 scrolls of enchant armour {unknown}
 r - 2 scrolls of silence
 z - 3 scrolls of magic mapping {unknown}
 A - 2 scrolls of enchant weapon {unknown}
 B - a scroll of immolation {unknown}
 H - a scroll of fear {unknown}
 J - a scroll of blinking {unknown}
Potions
 d - a potion of degeneration {unknown}
 f - 2 potions of mutation
 k - a potion of cancellation {unknown}
 l - 2 potions of flight
 o - 7 potions of haste {unknown}
 s - 2 potions of curing
 t - 2 potions of lignification {unknown}
 u - 3 potions of brilliance
 N - 4 potions of ambrosia


   Skills:
 + Level 9.6 Fighting
 + Level 14.3 Axes
 * Level 11.7 Armour
 - Level 2.4 Dodging
 - Level 1.5 Stealth
 * Level 10.1 Shields
 * Level 8.2 Invocations


You had 11 spell levels left.
You didn't know any spells.
Your spell library contained the following spells:

 Spells                   Type           Power        Failure   Level
 Corona                   Hex            0%           93%         1
 Magic Dart               Conj           0%           93%         1
 Blink                    Tloc           N/A          98%         2
 Call Imp                 Summ           0%           98%         2
 Ensorcelled Hibernation  Hex/Ice        0%           98%         2
 Slow                     Hex            0%           98%         2
 Confusing Touch          Hex            0%           100%        3
 Conjure Flame            Conj/Fire      0%           100%        3
 Dazzling Flash           Conj/Hex       0%           100%        3
 Mephitic Cloud           Conj/Pois/Air  0%           100%        3
 Tukima's Dance           Hex            0%           100%        3
 Bolt of Magma            Conj/Fire/Erth 0%           100%        5
 Iskenderun's Battlesphe  Conj           0%           100%        5
 Iron Shot                Conj/Erth      0%           100%        6
 Orb of Destruction       Conj           0%           100%        7
 Spellforged Servitor     Conj/Summ      0%           100%        7


Dungeon Overview and Level Annotations

Branches:
Dungeon (11/15)            Temple (1/1) D:4            Lair (0/6) D:11
    Orc (2/2) D:11
    Elf: Orc:2

Altars:
Ashenzari
Dithmenos
Fedhas
Kikubaaqudgha
Nemelex Xobeh
Ru
Sif Muna
Trog
Uskayaw
Vehumet
Wu Jian
Xom
Yredelemnul

Shops:
D:4 *   Orc:1 ?

Annotations:
D:5 1 runed translucent door, Crazy Yiuf
D:8 2 transporters, BigRedEye's ghost, novice GrFi
Orc:2 Nessos


Innate Abilities, Weirdness & Mutations

You can walk on water.
You are partially covered in iridescent scales. (AC +2)
You are agile. (Dex +2)
You possess an exceptional clarity of mind.
Your mind is acute. (Int +2)
Your magical capacity is low. (-10% MP)


Message History

You feel better.
Nessos gestures wildly while chanting.
Nessos seems to speed up.
An orc priest comes into view.
The orc priest stares at you in amazement and kneels.
It shouts, "Surely Beogh must have sent you!"
The orc high priest says, "Oblivion to the unbeliever."
What are your orders? t - Shout!
Orders for allies: a - Attack new target. r - Retreat! s - Stop attacking. g - Guard the area. f - Follow me.
Anything else - Cancel.
Gang up on whom?
Press: ? - help, Dir - move target, f - Nessos
Aim: Nessos, wielding a +3 longbow of flaming, wearing a +0 barding and quivering 15 arrows (fast) Attack!
Nessos shoots an arrow.
The arrow hits you!
* * * LOW HITPOINT WARNING * * *
The arrow burns you.
You die...

....... ##....#...#
........ .....#...#
.#......... ###.#......#.
.......#.. ##.#..........
.......#.###...........).
.....#....#.#.#....o.....
.....#...#...#..)(....o..
.....##........oo.o.o.oo.
.......#........@.o..#.#.
........##......#...co.#
.#.....###.....##.....(#
#....)...#....#....#.##
###)<)..##.....#......#
##....)...#....##......#
#.#..[....##.### #..#..#
......)...### ...#.#
..#.....###


You could see Nessos (fast), an orc high priest (strong), 4 friendly orc
warriors, 2 friendly orc priests and 3 friendly orcs.

Vanquished Creatures
  An orc warlord (Orc:1)
  Harold (D:9)
  A hydra (D:11)
  5 two-headed ogres
  Pikel (D:8)
  An orc knight (D:9)
  A deep elf mage (D:11)
  Maggie (D:6)
  3 trolls
  Grinder (D:6)
  A basilisk (D:9)
  4 wargs
  2 soldier ants (D:11)
  An acid dragon (D:9)
  4 ice beasts
  6 orc warriors
  A phantom (D:4)
  5 sky beasts
  12 ogres
  A necrophage (D:5)
  2 black bears
  10 centaurs
  A lemure (D:8)
  Blork the orc (D:4)
  6 bullfrogs
  A wyvern zombie (D:10)
  2 wyvern skeletons
  2 scorpions
  15 killer bees
  6 wights
  A vampire bat (D:9)
  2 centaur zombies
  2 bullfrog zombies
  4 human zombies (D:9)
  6 hounds
  3 jellies
  A gnoll shaman (D:6)
  5 orc priests
  2 centaur skeletons
  4 iguanas
  10 worker ants
  2 human skeletons (D:9)
  12 orc wizards
  3 mummies (D:9)
  8 gnolls
  9 adders
  A shadow imp (D:8)
  2 ufetubi (D:5)
  An adder zombie (D:7)
  An adder skeleton (D:6)
  3 dart slugs
  6 leopard geckos
  40 orcs
  12 bats
  3 giant cockroaches (D:1)
  6 hobgoblins
  16 jackals
  2 quokkas (D:2)
  2 ball pythons
  4 frilled lizards
  10 goblins
  7 kobolds
  An orc skeleton (D:9)
  2 quokka skeletons
  A quokka zombie (D:9)
  11 rats
304 creatures vanquished.

Vanquished Creatures (collateral kills)
  A stone giant (Orc:1)
  An orc knight (Orc:1)
  An orc sorcerer (Orc:1)
  A manticore (D:11)
  Maurice (Orc:1)
  A komodo dragon (D:11)
  A troll (Orc:1)
  3 hornets
  A queen bee (D:10)
  3 wargs
  3 orc warriors
  An eye of draining (D:11)
  A centaur (D:11)
  2 ogres
  2 bullfrogs
  7 killer bees (D:10)
  3 wights
  A quasit (D:9)
  A hound (D:10)
  3 orc priests
  2 orc wizards
  A mummy (D:9)
  10 orcs
51 creatures vanquished.

Vanquished Creatures (others)
  An orc knight (D:11)
  An orc warrior (Orc:1)
  3 orc priests
  4 orc wizards
  43 orcs
  21 plants
73 creatures vanquished.

Grand Total: 428 creatures vanquished

Notes
Turn   | Place    | Note
-------+----------+-------------------------------------------
     0 | D:1      | Exodus22XD the Hill Orc Monk began the quest for the Orb.
     0 | D:1      | Reached XP level 1. HP: 19/19 MP: 1/1
   418 | D:1      | Reached XP level 2. HP: 25/27 MP: 2/2
   614 | D:1      | Reached skill level 1 in Armour
   861 | D:1      | Reached XP level 3. HP: 30/33 MP: 3/3
  1204 | D:2      | Reached skill level 5 in Axes
  1319 | D:2      | Reached XP level 4. HP: 6/41 MP: 4/4
  1321 | D:2      | HP: 3/61 [poisoned by a worker ant]
  1789 | D:2      | Found a basalt altar of Yredelemnul.
  1818 | D:2      | Found a shadowy altar of Dithmenos.
  2218 | D:3      | Found a sparkling altar of Nemelex Xobeh.
  2240 | D:3      | Reached XP level 5. HP: 39/47 MP: 5/5
  2665 | D:3      | Found a bloodstained altar of Trog.
  3193 | D:4      | Noticed a phantom
  3249 | D:4      | Killed a phantom
  3250 | D:4      | Reached skill level 5 in Fighting
  3250 | D:4      | Reached skill level 6 in Axes
  3250 | D:4      | Reached XP level 6. HP: 56/56 MP: 6/6
  3256 | D:4      | Found a shimmering blue altar of Sif Muna.
  3295 | D:4      | Found a staircase to the Ecumenical Temple.
  3328 | D:4      | Found Sament's General Store.
  3331 | D:4      | Bought a scroll of identify for 24 gold pieces
  3333 | D:4      | Bought a scroll of silence for 90 gold pieces
  3471 | D:4      | Noticed Blork the orc
  3532 | Temple   | Entered the Ecumenical Temple
  3611 | D:4      | Killed Blork the orc
  3718 | D:4      | Reached skill level 7 in Axes
  4039 | D:5      | Entered Level 5 of the Dungeon
  4068 | D:5      | Reached XP level 7. HP: 61/61 MP: 7/7
  4071 | D:5      | Found a radiant altar of Vehumet.
  4206 | D:5      | Reached skill level 1 in Shields
  4220 | D:5      | Reached skill level 5 in Armour
  4516 | D:5      | Reached skill level 8 in Axes
  4813 | D:5      | Found a runed translucent door.
  4814 | D:5      | Noticed Crazy Yiuf
  5232 | D:6      | Found a shimmering altar of Xom.
  5256 | D:6      | Reached XP level 8. HP: 69/69 MP: 8/8
  5259 | D:6      | Found a shimmering altar of Xom.
  5261 | D:6      | Found a shimmering altar of Xom.
  5261 | D:6      | Found a shimmering altar of Xom.
  5261 | D:6      | Found a shimmering altar of Xom.
  5265 | D:6      | Found a shimmering altar of Xom.
  5265 | D:6      | Found a shimmering altar of Xom.
  5275 | D:6      | Noticed Maggie
  5291 | D:6      | Killed Maggie
  5383 | D:6      | Noticed Grinder
  5391 | D:6      | Paralysed by Grinder for 3 turns
  5406 | D:6      | Paralysed by Grinder for 6 turns
  5425 | D:6      | Killed Grinder
  5626 | D:6      | Reached skill level 9 in Axes
  5966 | D:6      | Found a hide-covered altar of Uskayaw.
  6026 | D:6      | Reached XP level 9. HP: 74/75 MP: 9/9
  6091 | D:6      | Found a sacrificial altar of Ru.
  6903 | D:7      | Found a broken altar of Ashenzari.
  6905 | D:7      | Found an ornate altar of the Wu Jian Council.
  7464 | D:7      | Reached skill level 10 in Axes
  8259 | D:8      | Became a worshipper of Beogh the Brigand
  8259 | D:8      | Reached * piety under Beogh
  8259 | D:8      | Reached ** piety under Beogh
  8580 | D:8      | Found a bloodstained altar of Trog.
  8580 | D:8      | Noticed BigRedEye's ghost (novice GrFi)
  8587 | D:8      | Found a transporter.
  8593 | D:8      | Found a transporter.
  8593 | D:8      | Noticed a cyclops
  8593 | D:8      | Noticed a moth of wrath
  8618 | D:8      | Reached skill level 5 in Shields
  8788 | D:8      | Noticed Pikel
  8797 | D:8      | Noticed a two-headed ogre
  8802 | D:8      | Reached skill level 1 in Invocations
  8804 | D:8      | Killed Pikel
  8805 | D:8      | Reached skill level 11 in Axes
  8805 | D:8      | Reached XP level 10. HP: 84/86 MP: 9/11
  8814 | D:8      | Killed a two-headed ogre
  9325 | D:8      | Found a blossoming altar of Fedhas.
  9372 | D:8      | Found a radiant altar of Vehumet.
  9720 | D:9      | Noticed a two-headed ogre
  9736 | D:9      | Killed a two-headed ogre
 10020 | D:9      | Reached *** piety under Beogh
 10150 | D:9      | Noticed Harold
 10165 | D:9      | Reached skill level 12 in Axes
 10299 | D:9      | Killed Harold
 10524 | D:9      | Reached skill level 10 in Armour
 10564 | D:9      | Noticed an orc knight
 10574 | D:9      | Reached skill level 5 in Invocations
 10574 | D:9      | Reached XP level 11. HP: 94/94 MP: 14/14
 10586 | D:9      | Killed an orc knight
 10690 | D:9      | Noticed a two-headed ogre
 10700 | D:9      | Killed a two-headed ogre
 10882 | D:9      | Gained Morbeogh as an ally
 10886 | D:9      | Reached **** piety under Beogh
 11038 | D:9      | Reached skill level 13 in Axes
 11141 | D:9      | Found an ancient bone altar of Kikubaaqudgha.
 11444 | D:9      | Gained mutation: You are agile. (Dex +2) [potion of
                  | mutation]
 11444 | D:9      | Gained mutation: You are dopey. (Int -2) [potion of
                  | mutation]
 11444 | D:9      | Gained mutation: Your spells are a little harder to cast,
                  | but a little more powerful. [potion of mutation]
 11444 | D:9      | Gained mutation: You are very agile. (Dex +4) [potion of
                  | mutation]
 11445 | D:9      | Lost mutation: You are very agile. (Dex +4) [potion of
                  | mutation]
 11445 | D:9      | Lost mutation: Your spells are a little harder to cast, but
                  | a little more powerful. [potion of mutation]
 11445 | D:9      | Lost mutation: You are dopey. (Int -2) [potion of mutation]
 11445 | D:9      | Gained mutation: Your mind is acute. (Int +2) [potion of
                  | mutation]
 11445 | D:9      | Gained mutation: You are partially covered in iridescent
                  | scales. (AC +2) [potion of mutation]
 11445 | D:9      | Gained mutation: Your magical capacity is low. (-10% MP)
                  | [potion of mutation]
 11445 | D:9      | Gained mutation: You possess an exceptional clarity of
                  | mind. [potion of mutation]
 11501 | D:10     | Entered Level 10 of the Dungeon
 11694 | D:10     | You fall into a shaft and drop 1 floor!
 11706 | D:11     | Noticed a manticore
 11717 | D:11     | Killed a manticore
 11865 | D:11     | Noticed an eight-headed hydra
 11877 | D:11     | Killed a three-headed hydra
 11903 | D:11     | Reached ***** piety under Beogh
 12665 | D:10     | Found a sacrificial altar of Ru.
 12680 | D:10     | Reached XP level 12. HP: 90/104 MP: 15/15
 12849 | D:11     | Noticed a two-headed ogre
 12856 | D:11     | Killed a two-headed ogre
 12882 | D:11     | Found a staircase to the Orcish Mines.
 12967 | D:11     | Found a staircase to the Lair.
 13335 | Orc:1    | Entered Level 1 of the Orcish Mines
 13372 | Orc:1    | Noticed an orc warlord
 13394 | Orc:1    | Killed an orc warlord
 13395 | Orc:1    | Reached skill level 14 in Axes
 13439 | Orc:1    | Found Iwkail's Magic Scroll Shoppe.
 13477 | Orc:1    | Bought a scroll of identify for 28 gold pieces
 13477 | Orc:1    | Bought a scroll of identify for 28 gold pieces
 13477 | Orc:1    | Bought a scroll of identify for 28 gold pieces
 13488 | Orc:1    | Noticed Maurice
 13499 | Orc:1    | Killed Maurice
 13648 | Orc:2    | Entered Level 2 of the Orcish Mines
 13656 | Orc:2    | Noticed a two-headed ogre
 13673 | Orc:1    | Killed a two-headed ogre
 13970 | Orc:2    | Noticed a stone giant
 14102 | Orc:1    | Reached skill level 10 in Shields
 14545 | Orc:1    | Killed a stone giant
 14545 | Orc:1    | Gained Orkwin as an ally
 14678 | Orc:2    | Noticed Nessos
 14682 | Orc:2    | Noticed an orc high priest
 14684 | Orc:2    | HP: 1/105 [Nessos/arrow (15)]
 14684 | Orc:2    | Shot with an arrow by Nessos

Illustrated notes

Levels and vault maps discovered:
D:1:      ebering_hopf_link, layout_loops_ring, minmay_cut_off
D:2:      layout_loops_ring, overflow_temple_1_default, general_overflow_altar
D:3:      layout_basic, lemuel_round_altar, trog_butcher_becter
D:4:      layout_basic, kennysheep_mini, minmay_temple_entry_stoned_glass,
          serial_shops, nicolae_shop_behind_doors, hex_tiny, uniq_blork_the_orc
D:5:      layout_basic, basic_altar, nicolae_zen_rock_garden,
          uniq_crazy_yiuf_cottage
D:6:      layout_loops_corners, nicolae_ru_sacrificial_ziggurat,
          marbit_many_paths, nicolae_xom_altar_mimics, st_stairs_14,
          minmay_manual_mail, uniq_grinder, uniq_maggie
D:7:      layout_rooms, nicolae_overflow_hidden_temple
D:8:      layout_gridville, vehumet_crystals, fedhas_altar_decomposition,
          gammafunk_ghost_wrathful_warriors, uniq_pikel
D:9:      minmay_the_grid_4x2 [minmay_the_grid_tree, minmay_the_grid_armoury,
          minmay_the_grid_garden, minmay_the_grid_dragon_a,
          minmay_the_grid_expand, minmay_the_grid_zigzag_pyramid,
          minmay_the_grid_small_cups, minmay_the_grid_prize_trominoes],
          layout_loops_ring, lemuel_mausoleum_altar_kikubaaqudgha,
          minmay_tree_intersection, roderic_batcave, uniq_harold
D:10:     layout_irregular_city, basic_altar, minivault_7
D:11:     layout_cave_pools, erik_lair_orcish_takeover, hiddenorc2_lemuel,
          amcnicky_mini_corridor_feature
Temple:   cyrus_temple_forest
Orc:1:    layout_diamond_mine, serial_shops, shop, uniq_maurice
Orc:2:    st_orc_congregation, layout_diamond_mine, uniq_nessos

Skill      XL: |  1  2  3  4  5  6  7  8  9 10 11 12 |
---------------+-------------------------------------+-----
Fighting       | 4 5 6 7 8 9 |  9.6
Armour         | 1 2 3 4 5 7 9 10 11 | 11.7
Axes           | 5 6 7 8 9 11 12 13 14 | 14.3
Shields        | 2 3 5 7 9 10 | 10.1
Invocations    | 2 5 7 8 |  8.2
Dodging        | |  2.4
Stealth        | |  1.5

Action                   |  1- 3 |  4- 6 |  7- 9 | 10-12 || total
-------------------------+-------+-------+-------+-------++-------
Melee: Hand axe          |   132 |   247 |   317 |       ||   696
       Broad axe         |       |       |   150 |    54 ||   204
       War axe           |       |       |       |   535 ||   535
Invok: Convert to Beogh  |       |       |     1 |       ||     1
       Recall Orcish Fol |       |       |       |     6 ||     6
       Give Item to Name |       |       |       |     2 ||     2
  Use: Potion            |     1 |     1 |     4 |     8 ||    14
       Scroll            |       |     2 |     2 |     7 ||    11
 Stab: Sleeping          |     1 |       |       |       ||     1
       Held in net/web   |       |       |       |     1 ||     1
       Distracted        |       |       |       |     7 ||     7
Armor: Robe              |    11 |       |       |       ||    11
       Scale mail        |    41 |    96 |   139 |       ||   276
       Chain mail        |       |       |    77 |   238 ||   315
Dodge: Dodged            |    93 |   124 |   159 |   156 ||   532
Block: Buckler           |       |     1 |   155 |   321 ||   477
       Reflection        |       |       |     7 |    25 ||    32
